[Event "Early-Titled-Tuesday-Blitz-July-09-2024"]
[Site "Chess.com"]
[Date "2024.07.09"]
[Round "11"]
[White "hakanazeri2"]
[Black "nrvisakh"]
[Result "0-1"]
[WhiteElo "2678"]
[BlackElo "2931"]
[TimeControl "180+1"]
[EndTime "10:08:17 PDT"]
[Termination "nrvisakh won on time"]

1. e4 e6 2. d4 d5 3. Nd2 c5 4. Ngf3 cxd4 5. exd5 Qxd5 6. Bc4 Qd6 7. O-O Nf6 8. Nb3 Nc6 9. Nbxd4 Nxd4 10. Nxd4 Be7 11.
c3 O-O 12. Bb3 Qc7 13. Qf3 Bd7 14. Re1 Bd6 15. Bg5 Bxh2+ 16. Kh1 Be5 17. Qe2 Bf4 18. Bxf6 gxf6 19. g3 Be5 20. Rad1 Kh8 21. f4 Bxd4 22.
Rxd4 Rg8 23. Kh2 Rg6 24. Bc2 Rh6+ 25. Kg2 Bc6+ 26. Be4 f5 27. Bf3 Rg8 28. Qc4 Rhg6 29.
Bxc6 Rxg3+ 30. Kf2 Qxc6 31. Qxc6 bxc6 32. Rd7 Rg2+ 33.
Kf1 Rg1+ 34. Kf2 R8g2+ 35. Kf3 Rxe1 36. Kxg2 Re2+ 37. Kf3 Rxb2 38. Rxf7 Rxa2 39. Rc7 Ra6 40. Kg3 Kg8 41. Kh4 Ra1 42. Kg5 Rg1+ 43. Kf6 Rg6+ 44. Ke5 h5 45. Rxc6 h4 46. Rc8+ Kh7 47. Rc7+ Kh6 48.
Rxa7 h3 49. Ra1 Kh5 50. c4 Rg2 51. c5 h2 52. Rh1 Kg4 53. c6 Re2+ 54. Kd6 Kg3 55.
Rc1 Rd2+ 56. Kxe6 Rc2 0-1

[Event "Early-Titled-Tuesday-Blitz-July-09-2024"]
[Site "Chess.com"]
[Date "2024.07.09"]
[Round "11"]
[White "AlexandraSamaganova"]
[Black "SVijayalakshmi"]
[Result "1/2-1/2"]
[WhiteElo "2374"]
[BlackElo "2525"]
[TimeControl "180+1"]
[EndTime "10:08:20 PDT"]
[Termination "Game drawn by repetition"]

1. c4 Nf6 2. Nc3 g6 3. g3 Bg7 4. Bg2 O-O 5. e4 d6 6. Nge2 c5 7. O-O Nc6 8. d3 Rb8 9. f4 a6 10. a3 Qc7 11. Rb1 b5 12. cxb5 axb5 13. b4 Bg4 14. h3 Bd7 15. bxc5 dxc5 16. e5 Ne8 17. Rxb5 Nd4 18. Nxd4 cxd4 19. Nd5 Rxb5 20. Nxc7 Nxc7 21. a4 Ra5 22. Ba3 Re8 23. Qc2 Ne6 24. Bb4 Rxa4 25.
Rb1 Rc8 26. Qd1 Bf8 27. Bd5 Ng7 28. Qb3 e6 29. Bxf8 Rxf8 30. Be4 Nh5 31. Kf2 Rc8 32. Kf3 Ra7 33. g4 Ng7 34. Qb6 Rac7 35. Qxd4 h5 36. Rb7 h4 37. Rxc7 Rxc7 38. Qd6 Ne8 39. Qe7 Bc6 40.
Qxh4 Bxe4+ 41. Kxe4 Kf8 42. Qd8 Ra7 43. f5 gxf5+ 44.
gxf5 exf5+ 45. Kxf5 Ra6 46. Qc8 Re6 47. Qc5+ Kg7 48.
d4 Kh7 49. d5 Ng7+ 50. Ke4 Rh6 51. Qe3 Rh4+ 52. Kf3 Rxh3+ 53. Ke2 Rxe3+ 54. Kxe3 Kg6 55. e6 Nxe6 56. dxe6 fxe6 57. Ke4 Kf6 58. Kf4 Kf7 59. Ke4 Ke7 60. Ke5 Kd7 61. Ke4 Kd6 62. Kd4 e5+ 63. Ke4 Ke6 64. Ke3 Kf6 65. Ke4 Ke6 66.
Ke3 Kf5 67. Kf3 Kf6 68. Ke4 Ke6 1/2-1/2

[Event "Early-Titled-Tuesday-Blitz-July-09-2024"]
[Site "Chess.com"]
[Date "2024.07.09"]
[Round "11"]
[White "Prizant_academy"]
[Black "ChessFighter_2011"]
[Result "0-1"]
[WhiteElo "3027"]
[BlackElo "2973"]
[TimeControl "180+1"]
[EndTime "10:08:23 PDT"]
[Termination "ChessFighter_2011 won by resignation"]

1. d4 Nf6 2. c4 g6 3. h4 Bg7 4. Nc3 d6 5. e4 Nc6 6. d5 Ne5 7. Be2 h5 8. Nh3 O-O 9. Ng5 c6 10. O-O cxd5 11. cxd5 Bd7 12. Be3 a6 13. Rc1 b5 14. f3 Rc8 15. Qd2 b4 16. Nb1 a5 17.
Rxc8 Qxc8 18. Rc1 Qb7 19. a3 Bb5 20. axb4 Bxe2 21. Qxe2 axb4 22. Nd2 Rc8 23. Qd1 Nfd7 24.
Rxc8+ Qxc8 25. Qb3 Qc1+ 26. Nf1 Qc4 27. Qa4 b3 28.
Qa8+ Nf8 29. Qe8 Bf6 30. Bf4 Bxg5 31. Bxg5 f6 32. Bh6 Qd4+ 33. Kh1 Nd7 34. Qxe7 f5 35. exf5 gxf5 36. Qxd6 Qxb2 37. Ng3 Qa1+ 38. Kh2 b2 39. Nxf5 b1=Q 40. Ne7+ Kf7 41. Bg5 Qe5+ 42. Qxe5 Nxe5 43.
d6 Nfg6 44. Nd5 Qd3 45. Nf6 Qxd6 46. Kh3 Qe6+ 47. Kh2 Nd3 48. Nxh5 Qe5+ 49. Kg1 Qe1+ 50. Kh2 Nxh4 51. Ng3 Ng6 52. Ne4 Ndf4 53. Nd6+ Ke6 54. Ne4 Qe2 55. Bxf4 Nxf4 56. Kg3 Ke5 57. Ng5 Qxg2+ 58.
Kh4 Ng6+ 59. Kh5 Kf5 0-1

[Event "Early-Titled-Tuesday-Blitz-July-09-2024"]
[Site "Chess.com"]
[Date "2024.07.09"]
[Round "11"]
[White "SuperGPatzer"]
[Black "Resignify"]
[Result "0-1"]
[WhiteElo "2118"]
[BlackElo "2254"]
[TimeControl "180+1"]
[EndTime "10:08:23 PDT"]
[Termination "Resignify won by checkmate"]

1. g4 d6 2. Bg2 c6 3. h3 g6 4. d4 Bg7 5. Nc3 Nd7 6. e4 Rb8 7. a4 a5 8. Nf3 Qc7 9. O-O e5 10. Be3 Ne7 11. Qd2 O-O 12. dxe5 dxe5 13. Bh6 Nc5 14. Bxg7 Kxg7 15. Ne2 Ne6 16. Qc3 f6 17. Rad1 Qb6 18. g5 Qc5 19. gxf6+ Kxf6 20. b3 Qxc3 21. Nxc3 Nf4 22. Rd6+ Be6 23. Ng5 Kxg5 24. Rfd1 Nc8 25. Rd8 Nb6 26. R8d6 Kf6 27. h4 Ke7 28. Nb5 Rbd8 29. Rxd8 Rxd8 30. Rxd8 Kxd8 31. Nc3 Nd7 32. Bf1 Nc5 33. f3 Ke7 34. Kf2 Kd6 35.
Ke3 Nd7 36. Nb1 Nf6 37. Nd2 N6h5 38. c4 Ng3 39. Bd3 Nxd3 40. Kxd3 Nh5 41. Nb1 Nf4+ 42. Kc3 Ng2 43. b4 axb4+ 44. Kxb4 b6 45. Nc3 c5+ 46. Kb5 Kc7 47. a5 bxa5 48. Na4 Nxh4 49. Nxc5 Bc8 50. Kxa5 Nxf3 51. Kb5 h5 52. Nd3 Nd4+ 53. Kc5 Nf3 54. Kd5 Bb7+ 55. Kc5 Bxe4 56. Nf2 Bb7 57. Kb5 h4 58. c5 g5 59. c6 Bxc6+ 60. Kc5 Bd7 61. Nh3 Bxh3 62. Kc4 Bf5 63. Kc3 g4 64. Kc4 g3 65.
Kc5 g2 66. Kc4 g1=Q 67. Kd5 Qd4# 0-1

[Event "Early-Titled-Tuesday-Blitz-July-09-2024"]
[Site "Chess.com"]
[Date "2024.07.09"]
[Round "11"]
[White "el008"]
[Black "GoltsevDmitry2000"]
[Result "0-1"]
[WhiteElo "2562"]
[BlackElo "2754"]
[TimeControl "180+1"]
[EndTime "10:08:24 PDT"]
[Termination "GoltsevDmitry2000 won by resignation"]

1. e4 e6 2. Nf3 d5 3. exd5 exd5 4. b3 Nf6 5. Bb2 Bd6 6. Be2 O-O 7. O-O c5 8. d4 Nc6 9. dxc5 Bxc5 10. Nbd2 Bg4 11. a3 Qd6 12. h3 Bh5 13. Nh4 Bxe2 14. Qxe2 Qf4 15. Nhf3 Rfe8 16. Qd3 Ne4 17. b4 Bb6 18. b5 Na5 19. Rad1 Rac8 20. Bd4 Bc7 21. Be3 Qf6 22.
Rfe1 Bd6 23. Bd4 Qf4 24. Nf1 Nc4 25. Be3 Qf6 26. Bd4 Qg6 27. a4 Re6 28. Ba1 Rd8 29.
Bd4 b6 30. Ne3 Rc8 31. Nxd5 h6 32. Ne3 Nxe3 33. Rxe3 f5 34. Rde1 Kh7 35. c4 Bb4 36. R1e2 Rd8 37. Qc2 Red6 38. Rd3 Bc5 39. Qd1 f4 40.
Qa1 Qf5 41. Rd1 Nf6 42. Red2 Ne4 43. Rd3 Bb4 44. Qb1 Bc3 45. Qc2 Bb4 46. Bb2 Bc5 47.
Rxd6 Rxd6 48. Rxd6 Bxd6 49. Bd4 Qe6 50. Qd3 Qg6 51. Qf1 Nc5 52. Bxc5 Bxc5 53. Qe2 Qb1+ 54. Kh2 Qf5 55. Qd2 Qe4 56. Qd5 Qxd5 57. cxd5 Kg6 58. Ne5+ Kf5 59. Nc6 Bxf2 60. Nxa7 Ke5 61. Nc6+ Kxd5 62.
Ne7+ Kc4 63. a5 bxa5 64. Nc6 Kxb5 65. Ne5 a4 66. Nd3 Be3 67. g3 a3 68. gxf4 a2 0-1

[Event "Early-Titled-Tuesday-Blitz-July-09-2024"]
[Site "Chess.com"]
[Date "2024.07.09"]
[Round "11"]
[White "MetiForce"]
[Black "Oleksandr_Bortnyk"]
[Result "1-0"]
[WhiteElo "2889"]
[BlackElo "3051"]
[TimeControl "180+1"]
[EndTime "10:08:26 PDT"]
[Termination "MetiForce won by checkmate"]

1. d4 Nf6 2. c4 b6 3. Nc3 Bb7 4. f3 Nc6 5. d5 Ne5 6. e4 e6 7.
Be2 Bc5 8. Nh3 exd5 9. cxd5 O-O 10. Na4 Nxe4 11. fxe4 Qh4+ 12. Kf1 f5 13. Nxc5 fxe4+ 14. Kg1 Nf3+ 15. Bxf3 exf3 16. Bf4 fxg2 17. Kxg2 bxc5 18. Qf3 Rf5 19. Rad1 Raf8 20. Rhf1 g5 21. Qg3 Bxd5+ 22. Kg1 Qxg3+ 23. Bxg3 d6 24. b3 h6 25. Nf2 Bf3 26.
Rde1 h5 27. h4 R8f7 28. Re8+ Kh7 29. Rfe1 gxh4 30. Bxh4 Rg7+ 31. Kh2 Rg2+ 32. Kh3 Rg7 33. R1e7 Rff7 34. Rxf7 Rxf7 35. Rc8 Kg6 36. Kg3 Bd5 37. Nh3 Kf5 38. Re8 Rg7+ 39. Ng5 c6 40. Rf8+ Ke5 41. Kf2 Kd4 42. Ke2 Kc3 43. Ne4+ Kc2 44. Nf2 a5 45. Rd8 Kb2 46. Rxd6 Kxa2 47. Bf6 Rb7 48. Nd3 Rxb3 49.
Nxc5 Rb5 50. Nd3 a4 51. Kd2 a3 52. Rd8 Kb3 53. Ra8 c5 54. Nc1+ Kb4 55. Bc3+ Kc4 56. Ra4+ Rb4 57. Bxb4 cxb4 58. Nd3 Kb5 59. Rxb4+ Ka5 60.
Rb1 a2 61. Ra1 Ka4 62. Kc3 Ka3 63. Nb4 Be6 64. Nc2+ Ka4 65. Rh1 Bf5 66. Na1 Be4 67. Rh4 Ka3 68. Rxe4 h4 69. Nc2# 1-0

[Event "Early-Titled-Tuesday-Blitz-July-09-2024"]
[Site "Chess.com"]
[Date "2024.07.09"]
[Round "11"]
[White "slidingknight2775"]
[Black "Baronessa08"]
[Result "0-1"]
[WhiteElo "2739"]
[BlackElo "2603"]
[TimeControl "180+1"]
[EndTime "10:08:28 PDT"]
[Termination "Baronessa08 won by checkmate"]

1. c4 e6 2. Nf3 d5 3. e3 Nf6 4. b3 c5 5. Bb2 Nc6 6. cxd5 Nxd5 7. Nc3 Ndb4 8. d3 Be7 9. a3 Na6 10. Be2 O-O 11. O-O e5 12. Rc1 Be6 13. Nd2 Rc8 14. Nc4 Nc7 15. Bf3 f6 16. Bxc6 bxc6 17. Na4 Qd5 18. e4 Qd7 19. Na5 Na6 20. Qe2 Qc7 21.
Bc3 Rfd8 22. Rfd1 Rb8 23. Be1 Rb5 24. Nc4 Rxb3 25. Ba5 Qc8 26. Bxd8 Qxd8 27. Qc2 Rb5 28. Nc3 Rb8 29. Rb1 Nc7 30. Rxb8 Qxb8 31. Rb1 Qd8 32.
h3 h5 33. Ne3 c4 34. Nxc4 Bc5 35. Ne3 Bxa3 36. Qa4 Qd6 37. Rb7 Bc5 38. Qc2 h4 39. Na4 Bd4 40. Nb2 Nb5 41. Nbc4 Qb4 42. Rb8+ Kh7 43. Qe2 g6 44. Ng4 Kg7 45. Nge3 Qb1+ 46. Qd1 Qb2 47. Qf1 Qa2 48. Rb7+ Kg8 49. Rb8+ Kf7 50.
Rb7+ Kg8 51. Kh1 Nc3 52. f4 Ne2 53. Rb8+ Kg7 54. Rb7+ Kh6 55. Kh2 Ng3 56. Qf3 Bxe3 57. Nxe3 Qa1 58. Nf1 Nxf1+ 59. Kg1 Ng3+ 60. Kf2 Qf1+ 61.
Ke3 Qe1+ 62. Qe2 Qxe2# 0-1

[Event "Early-Titled-Tuesday-Blitz-July-09-2024"]
[Site "Chess.com"]
[Date "2024.07.09"]
[Round "11"]
[White "Herzog2012"]
[Black "ketster"]
[Result "1/2-1/2"]
[WhiteElo "2703"]
[BlackElo "2592"]
[TimeControl "180+1"]
[EndTime "10:08:28 PDT"]
[Termination "Game drawn by repetition"]

1. e4 c5 2. Nf3 Nf6 3. e5 Nd5 4.
Nc3 e6 5. Ne4 f5 6. exf6 Nxf6 7.
Nxf6+ Qxf6 8. c3 Nc6 9. d4 d5 10.
Bb5 Bd6 11. O-O O-O 12. Bg5 Qf7 13. Bh4 h6 14. Bxc6 bxc6 15. Bg3 Bf4 16. Ne5 Bxe5 17. Bxe5 Ba6 18. Qg4 Bxf1 19. Rxf1 cxd4 20. cxd4 Kh7 21. f4 Qg6 22. Qd1 Rac8 23. Rf3 Qe4 24. Rg3 Rf7 25. h4 c5 26. Qg4 Qf5 27. Qxg7+ Rxg7 28. Rxg7+ Kh8 29.
Rc7+ Kg8 30. Rxc8+ Kf7 31. Rc7+ Ke8 32. Rxc5 Qb1+ 33.
Kh2 Qxa2 34. Rb5 a5 35. h5 Qa4 36. Rb8+ Kf7 37. Rh8 Qd1 38. Rh7+ Ke8 39. Rxh6 Qg4 40. g3 Qe2+ 41. Kh3 Qxb2 42. Rxe6+ Kd7 43. h6 Kxe6 44. h7 Qb1 45. h8=Q Qh1+ 46. Kg4 Qxh8 47. Bxh8 a4 48. f5+ Kf7 49. Kf4 a3 50. g4 a2 51. g5 a1=Q 52.
g6+ Kg8 53. Be5 Qc1+ 54. Kg4 Qg1+ 55. Kf4 Qc1+ 56. Kg4 Qd2 57. Kh5 Qe2+ 58. Kg5 Qd2+ 59. Kf6 Qd3 60. Ke6 Qc4 61. Ke7 Qc6 62. f6 Qb7+ 63. Ke6 Qc6+ 64. Ke7 Qb7+ 65. Ke6 Qc6+ 66. Ke7 1/2-1/2

[Event "Early-Titled-Tuesday-Blitz-July-09-2024"]
[Site "Chess.com"]
[Date "2024.07.09"]
[Round "11"]
[White "Sofia_Blokhin"]
[Black "YaWaleriy"]
[Result "1/2-1/2"]
[WhiteElo "2215"]
[BlackElo "2379"]
[TimeControl "180+1"]
[EndTime "10:08:31 PDT"]
[Termination "Game drawn - insufficient material"]

1. d4 d5 2. c4 e6 3. Nc3 Be7 4. Nf3 Nf6 5. e3 O-O 6. Bd3 b6 7. cxd5 exd5 8. O-O Bb7 9. Ne5 c5 10. f4 Nc6 11. Qf3 cxd4 12. Nxc6 Bxc6 13. exd4 Re8 14.
Qh3 Ne4 15. Re1 Bf6 16. Be3 a6 17. Rad1 b5 18. a3 Rc8 19. Qf5 g6 20. Qh3 Bb7 21. Nxe4 dxe4 22. Bb1 Bd5 23. f5 Bg7 24. Rf1 Rc7 25.
Qg3 Rd7 26. Bg5 Qb6 27. Be3 Bb3 28. Rd2 Bxd4 29. Rxd4 Rxd4 30. Qf2 Red8 31. fxg6 hxg6 32. Bxe4 Qd6 33. Bc2 Bc4 34. Re1 Rd5 35. b3 Rd2 36.
Bxd2 Qxd2 37. Qe3 Qxe3+ 38. Rxe3 Be6 39. Rd3 Rxd3 40. Bxd3 Bxb3 41. Kf2 Kf8 42. Ke3 Ke7 43. Kd4 Kd6 44. Be4 g5 45. Bb7 a5 46. Ba6 Ba4 47.
Bb7 f6 48. Bf3 Bb3 49. g3 Be6 50. h4 gxh4 51. gxh4 b4 52. h5 Ke7 53. axb4 axb4 54. Be4 b3 55. Kc3 Kf7 56. h6 Kg8 57. h7+ Kg7 58.
Bd3 f5 59. Bxf5 Bxf5 60. Kxb3 Kxh7 1/2-1/2

[Event "Early-Titled-Tuesday-Blitz-July-09-2024"]
[Site "Chess.com"]
[Date "2024.07.09"]
[Round "11"]
[White "Zhigalko_Sergei"]
[Black "dropstoneDP"]
[Result "1/2-1/2"]
[WhiteElo "2929"]
[BlackElo "3034"]
[TimeControl "180+1"]
[EndTime "10:08:35 PDT"]
[Termination "Game drawn by repetition"]

1. e4 e5 2. Bc4 Nf6 3. d3 c6 4. Nf3 d5 5. Bb3 Bd6 6. O-O O-O 7. Re1 dxe4 8. dxe4 Na6 9. Nbd2 b5 10. Nf1 Nc5 11.
Ng3 a5 12. a3 Nxb3 13. cxb3 Be6 14. Bg5 Be7 15. Nxe5 Qc7 16. Nd3 Rad8 17. Qc2 h6 18. Bf4 Qb7 19. Rac1 b4 20. axb4 axb4 21. Nc5 Bxc5 22.
Qxc5 Bxb3 23. Nf5 Be6 24. Ne7+ Kh7 25. Nxc6 Rc8 26. Qxb4 Qxb4 27. Nxb4 Rxc1 28. Bxc1 Rc8 29. Bd2 Nd7 30. Rc1 Rb8 31. f3 Ne5 32. Bc3 Nc4 33.
Nd3 f6 34. Kf2 Bf7 35. Ra1 Rd8 36. Ke2 Nd6 37. Nb4 Bc4+ 38. Kf2 Nb5 39. Rc1 Bb3 40. Ke3 h5 41. Nc6 Rc8 42. Nd4 Nxd4 43. Kxd4 h4 44. h3 g5 45. Ra1 Rc6 46. Ra5 Kg6 47. Rb5 Bc4 48. Rc5 Rxc5 49. Kxc5 Bf1 50. Kd4 Bxg2 51. Ke3 Bxh3 52. Kf2 Bd7 53. b4 Bb5 54. Bd2 Kf7 55. Bc3 Ke6 56. Bb2 Bc4 57. Bc3 Ba6 58. Bd4 Bb5 59.
Bc3 Kf7 60. Bd4 Kg6 61. Bc3 Ba4 62. Bd4 Bd1 63. Kg2 h3+ 64. Kg3 h2 65. Kxh2 Bxf3 66. e5 f5 67. Kg3 Bd5 68. Be3 Bc4 69. Bd2 Kh5 70. Bc1 Kg6 71. Bd2 Kh5 72. Bc1 Kg6 73.
Bd2 1/2-1/2

[Event "Early-Titled-Tuesday-Blitz-July-09-2024"]
[Site "Chess.com"]
[Date "2024.07.09"]
[Round "11"]
[White "urano56"]
[Black "nj123456"]
[Result "0-1"]
[WhiteElo "2401"]
[BlackElo "2528"]
[TimeControl "180+1"]
[EndTime "10:08:39 PDT"]
[Termination "nj123456 won by resignation"]

1. e4 c6 2. d4 d5 3. f3 e6 4.
Nc3 Nf6 5. Bg5 Bb4 6. e5 h6 7.
Bd2 Nfd7 8. a3 Bxc3 9. Bxc3 c5 10. dxc5 Nc6 11. f4 Nxc5 12. Qg4 g6 13. Bd3 h5 14. Qg3 Nxd3+ 15. cxd3 d4 16. Bd2 b6 17. Nf3 Bb7 18. Ng5 Ne7 19. O-O Nf5 20. Qh3 Qd7 21. Ne4 O-O-O 22.
Bb4 Bxe4 23. dxe4 Ne3 24. Bd6 Nxf1 25. Qd3 Kb7 26. Kxf1 Qa4 27. b4 Rc8 28. Qxd4 Qc2 29. a4 Rc4 30. Qf2 Qd3+ 31. Qe2 Qxe2+ 32. Kxe2 Rxe4+ 33.
Kd3 Rxf4 34. a5 Rc8 35. a6+ Kc6 36. Rc1+ Kd7 37. Rd1 Ke8 38. Ke3 Rfc4 39. h3 Rc3+ 40. Kf4 Rc1 41. Rd2 b5 42. Bc5 Ra1 43. Bxa7 Rxa6 44. Bc5 Ra3 45. Rd6 Rb8 46. Rc6 Rc3 47. Rc7 Rd3 48. Re7+ Kd8 49. Rxf7 Rd2 50. g4 hxg4 51.
hxg4 Rc8 52. Kg5 Rg2 53. Bd6 Rc4 54. Rb7 Rgxg4+ 55. Kf6 Rc8 56. Kxe6 Rh4 57. Rd7+ Ke8 58.
Re7+ Kd8 59. Rg7 Rh8 60. Be7+ Ke8 61. Bc5 Kd8 62. Rxg6 Rc6+ 63. Kf5 Rxg6 64. Kxg6 Kd7 65. Kf5 Rh5+ 66. Kf6 Rh6+ 67. Kf5 Re6 68. Bd6 Re8 69. Bc5 Kc6 70. Kf6 Kd5 71. e6 Rxe6+ 72. Kf7 Re4 73. Kf8 Re2 74. Kf7 Rb2 75. Be7 Kc4 76. Ke6 Rxb4 77.
Bxb4 Kxb4 78. Kd5 Kc3 79. Kc5 b4 80. Kb5 b3 81. Ka4 b2 82. Ka3 b1=Q 83. Ka4 Qb6 0-1

[Event "Early-Titled-Tuesday-Blitz-July-09-2024"]
[Site "Chess.com"]
[Date "2024.07.09"]
[Round "11"]
[White "EpicWarrior2015"]
[Black "simonachess"]
[Result "1-0"]
[WhiteElo "2437"]
[BlackElo "2324"]
[TimeControl "180+1"]
[EndTime "10:08:40 PDT"]
[Termination "EpicWarrior2015 won by resignation"]

1. e4 c5 2. Nc3 Nc6 3. d3 g6 4. Be3 d6 5. d4 cxd4 6. Bxd4 Nf6 7. Bxf6 exf6 8. Bc4 Be7 9. Nf3 O-O 10. O-O Ne5 11.
Bb3 Be6 12. Nd5 Bxd5 13. Bxd5 Qb6 14. b3 Rac8 15. Rc1 Rfd8 16. Qe2 Bf8 17. c4 h5 18.
Rfd1 Bh6 19. Rc2 Kg7 20. h3 Qc5 21. Nd4 Rb8 22. Rb2 a6 23. a4 Qc7 24. Qd3 Nd7 25. Qg3 Kf8 26. Qxg6 fxg6 27. Ne6+ Ke7 28. Nxc7 Nf8 29.
c5 dxc5 30. Rc2 b6 31. Nxa6 Rbc8 32. Kf1 Rd7 33. Ke2 Rcd8 34. Rb2 Ne6 35. Rbb1 Nd4+ 36. Kf1 Ra7 37. Bc4 Rda8 38. b4 Rxa6 39. Bxa6 Rxa6 40. bxc5 bxc5 41. Rb7+ Ke6 42. Rh7 Bf8 43.
Ra1 Bd6 44. Rb7 g5 45. a5 Nc2 46. Ra4 Nb4 47. Rb6 Ra7 48. a6 Ke5 49. f3 Ke6 50. Ke2 Kd7 51. Kd2 Kc7 52. Rb5 Kc6 53. Rba5 Kb6 54.
Kc3 Nxa6 55. Kc4 Bb8 56. Rb5+ Kc6 57. Rba5 Kb6 58. Rb5+ Kc6 59. Rxb8 Nxb8 60. Rxa7 Nd7 61. Ra1 Ne5+ 62. Kc3 c4 63. Rc1 Kd6 64. Kd4 Ke6 65. Rxc4 Nxc4 66. Kxc4 Ke5 67. Kd3 Kf4 68. Ke2 Kg3 69.
Kf1 g4 70. hxg4 hxg4 71. fxg4 Kf4 72. Kf2 Kxe4 73. Kg3 Ke3 74. Kh4 Kf4 75. g3+ Ke5 76. g5 f5 77. Kh5 Ke6 78. Kh6 Kf7 79. Kh7 1-0

[Event "Early-Titled-Tuesday-Blitz-July-09-2024"]
[Site "Chess.com"]
[Date "2024.07.09"]
[Round "11"]
[White "FGHSMN"]
[Black "mishanick"]
[Result "1/2-1/2"]
[WhiteElo "3008"]
[BlackElo "3092"]
[TimeControl "180+1"]
[EndTime "10:08:42 PDT"]
[Termination "Game drawn - insufficient material"]

1. e4 c5 2. Nf3 d6 3. d4 cxd4 4. Qxd4 Nf6 5. Nc3 Nc6 6. Qd3 g6 7. Nd5 Bg7 8. c3 O-O 9. Bg5 h6 10. Bxf6 exf6 11. Be2 f5 12. exf5 Bxf5 13. Qd2 Ne7 14.
Ne3 Be4 15. O-O d5 16. Nd4 Nc6 17. Nxc6 bxc6 18. f3 Bf5 19. Nxf5 gxf5 20. Bd3 d4 21. c4 Qf6 22. Qf4 Rfe8 23. Qxf5 Qxf5 24. Bxf5 Re2 25. Rab1 Rae8 26. Be4 c5 27. Rfd1 Re5 28. Kf1 Re3 29. Kf2 f5 30. Bd3 f4 31. Be4 a5 32. b3 Bf6 33. g3 Rh5 34. Rh1 d3 35.
gxf4 Re2+ 36. Kg3 d2 37. Rbd1 Rh4 38. Bd3 Re7 39. Rxd2 Rg7+ 40. Kf2 Bd4+ 41. Kf1 Rxf4 42. Be4 Kf8 43. Ke2 Bc3 44. Rc2 Bd4 45. Kd3 Rh4 46.
Re2 Rh3 47. Kc2 Re7 48. Rhe1 Kg7 49. Bd5 Rxe2+ 50. Rxe2 Kf6 51. Kd3 Be5 52. Ke4 Rh4+ 53. Kd3 Rd4+ 54. Kc2 Rh4 55. Kd3 h5 56. a3 Rd4+ 57. Kc2 Rh4 58. b4 axb4 59. axb4 cxb4 60. Kb3 Rxh2 61. Rxh2 Bxh2 62. Kxb4 Bf4 63. Bb7 h4 64. Bc8 Ke5 65. c5 Kd4 66. Kb5 Ke3 67. Bg4 Kf2 68. c6 Kg3 69. Kb6 h3 70. Bxh3 Kxf3 71. c7 Bxc7+ 1/2-1/2

[Event "Early-Titled-Tuesday-Blitz-July-09-2024"]
[Site "Chess.com"]
[Date "2024.07.09"]
[Round "11"]
[White "zverr1"]
[Black "elis06"]
[Result "1-0"]
[WhiteElo "2548"]
[BlackElo "2422"]
[TimeControl "180+1"]
[EndTime "10:08:44 PDT"]
[Termination "zverr1 won by checkmate"]

1. e4 c6 2. d4 d5 3. Nc3 dxe4 4. Nxe4 Nd7 5. Nf3 Ngf6 6. Neg5 e6 7. Bd3 Be7 8. O-O O-O 9. Qe2 h6 10. Ne4 Nxe4 11.
Qxe4 Nf6 12. Qe2 b6 13. c3 Bb7 14. Rd1 Qc7 15. Ne5 c5 16. dxc5 Bxc5 17. Bf4 Bd6 18. Bg3 Rad8 19. Nf3 Bxg3 20. hxg3 Rd6 21. Rd2 Rfd8 22.
Rad1 Rd5 23. c4 R5d6 24. b3 Qc5 25. Bc2 Rxd2 26. Rxd2 Rxd2 27. Qxd2 Qc7 28. Ne5 Ne4 29. Qd7 Qxd7 30. Nxd7 Nc5 31. Ne5 Kf8 32. f3 Ke7 33. b4 Nd7 34. Nd3 f6 35. Kf2 Kd6 36. Ke3 Ne5 37. Kd4 Nc6+ 38. Kc3 Ne5 39. Nf4 Bc8 40. Nh5 Ke7 41. Nxg7 Kf7 42. Nh5 Ke7 43. Nf4 Bb7 44. Kd4 Nc6+ 45. Kc3 Ne5 46. a3 Ba6 47. Bd3 Bb7 48.
c5 bxc5 49. bxc5 Nd7 50. Kb4 Bc6 51. Be4 Bxe4 52. fxe4 a5+ 53. Kb5 Ne5 54. Kb6 a4 55. c6 Nc4+ 56. Kb7 Nxa3 57. c7 Nc4 58. Nd3 Nd6+ 59.
Kc6 a3 60. Nb4 a2 61. Nxa2 f5 62. exf5 exf5 63. Nc3 h5 64. Nd5+ Ke6 65. Nf4+ Ke7 66. Nxh5 f4 67. gxf4 Ke6 68. Ng7+ Ke7 69. Nf5+ Nxf5 70.
c8=Q Kf6 71. Qxf5+ Kxf5 72. g3 Kg4 73. Kd5 Kxg3 74. f5 Kf4 75. f6 Kf5 76. f7 Kg4 77. f8=Q Kg3 78. Ke4 Kg4 79. Qg8+ Kh5 80. Kf4 Kh6 81.
Kf5 Kh5 82. Qh8# 1-0

[Event "Early-Titled-Tuesday-Blitz-July-09-2024"]
[Site "Chess.com"]
[Date "2024.07.09"]
[Round "11"]
[White "DenLaz"]
[Black "jumpingknight20"]
[Result "1-0"]
[WhiteElo "3157"]
[BlackElo "2834"]
[TimeControl "180+1"]
[EndTime "10:08:45 PDT"]
[Termination "DenLaz won by resignation"]

1. d4 Nf6 2. c4 e6 3. Nf3 d5 4. g3 Be7 5. Bg2 O-O 6. O-O dxc4 7. Qc2 a6 8. a4 Bd7 9. Qxc4 Bc6 10. Bg5 Nbd7 11.
Rd1 h6 12. Bxf6 Nxf6 13. Nbd2 Rc8 14. Rac1 a5 15. Qc2 Bb4 16. Nc4 Be4 17. Qb3 Qd5 18.
Ncd2 Qxb3 19. Nxb3 Bd5 20. Nbd2 Rfd8 21. e3 c5 22.
dxc5 Rxc5 23. Rxc5 Bxc5 24. Nc4 b6 25. Nfe5 Rc8 26. Bxd5 Nxd5 27. b3 Rc7 28. Nd3 f5 29. Kg2 Kf7 30. Rc1 Ke7 31. h3 g5 32. Kf3 Nf6 33. g4 Ne4 34. Ke2 Kd8 35. Nce5 Bf8 36.
Rxc7 Kxc7 37. f3 Nf6 38. Nc4 Be7 39. Nde5 Bf8 40. Kd3 Bc5 41. Nf7 Bf8 42. Nfe5 Bc5 43. e4 fxe4+ 44. fxe4 Bf8 45. Nd2 Kd6 46. Kd4 Bg7 47.
Ndc4+ Kc7 48. Kd3 Ne8 49. Nf3 Nf6 50. Nd4 Kd7 51. Nxb6+ Ke7 52. Nc4 Nd7 53. Nc6+ Kf6 54. N4xa5 Nc5+ 55. Ke3 Kf7 56. e5 Bf8 57. Kd4 Ke8 58.
Kc4 Kd7 59. Nd4 Ne4 60. Nac6 Nd2+ 61. Kd3 Nxb3 62. Nxb3 Kxc6 63. Kc4 Ba3 64. Nd4+ Kd7 65. a5 Be7 66. a6 Kc7 67. Nxe6+ Kb6 68. Kd5 Kxa6 69.
Ng7 Kb6 70. Ke6 Bb4 71. Kf7 Kc7 72. e6 Kd8 73. Nf5 h5 74. gxh5 1-0

[Event "Early-Titled-Tuesday-Blitz-July-09-2024"]
[Site "Chess.com"]
[Date "2024.07.09"]
[Round "11"]
[White "malakismayil"]
[Black "PapaieDudu"]
[Result "1/2-1/2"]
[WhiteElo "2517"]
[BlackElo "2413"]
[TimeControl "180+1"]
[EndTime "10:08:45 PDT"]
[Termination "Game drawn by repetition"]

1. e4 c5 2. Nf3 d6 3. Bb5+ Nd7 4. d4 cxd4 5. Qxd4 Nf6 6. c4 h6 7. Nc3 e6 8. O-O Be7 9. h3 O-O 10. Bxd7 Qxd7 11. Be3 b6 12. b3 Bb7 13. Rfd1 Rfd8 14. Rac1 Qc6 15. Nd2 a6 16. Qxb6 Qc8 17. Qd4 Nd7 18.
Na4 Bf6 19. Qxd6 Ne5 20. Qc5 Nd3 21. Qxc8 Raxc8 22. Rb1 Nb4 23. a3 Nc2 24. Bc5 Bg5 25. Nf3 Bxe4 26. Nxg5 hxg5 27. Be7 Re8 28. Bd6 Nd4 29. Rxd4 Bxb1 30. c5 e5 31. Rc4 Bd3 32. Rc3 Bb5 33. Nb6 Rc6 34. a4 Be2 35. b4 e4 36. Nd5 Kh7 37. Nc7 Rb8 38. Nd5 Rb7 39. f3 f5 40. Kf2 Bd3 41. g4 g6 42.
Ke3 f4+ 43. Kd4 Bf1 44. fxe4 Bxh3 45. e5 Bxg4 46. e6 Bxe6 47. Rc4 Kg7 48. Ke5 Bf7 49. Kd4 Rd7 50. b5 axb5 51. axb5 Rc8 52. Nb6 Rcd8 53. Nxd7 Bxc4 54. Ne5 Be6 55. b6 g4 56. Nc6 g3 57.
Nxd8 g2 58. Be5+ Kg8 59. b7 g1=Q+ 60. Ke4 Qg2+ 61. Kxf4 Qh2+ 62. Ke4 Bf5+ 63. Kd5 Qg2+ 64. Kd6 Qd2+ 65. Kc7 Qa5+ 66. Kb8 Qxd8+ 67. Ka7 Qa5+ 68.
Kb8 Qd8+ 69. Ka7 Qa5+ 70. Kb8 Qd8+ 1/2-1/2

[Event "Early-Titled-Tuesday-Blitz-July-09-2024"]
[Site "Chess.com"]
[Date "2024.07.09"]
[Round "11"]
[White "Millerkallpa"]
[Black "Navyblue1"]
[Result "1-0"]
[WhiteElo "2245"]
[BlackElo "2118"]
[TimeControl "180+1"]
[EndTime "10:08:46 PDT"]
[Termination "Millerkallpa won on time"]

1. e4 c5 2. Nf3 d6 3. c3 Nf6 4. Be2 Bd7 5. d3 Nc6 6. O-O Rc8 7.
Re1 e6 8. Nbd2 Be7 9. d4 cxd4 10. cxd4 e5 11. Bb5 exd4 12. Bxc6 bxc6 13. Nxd4 O-O 14. h3 c5 15. N4f3 h6 16. Nf1 Be6 17. Ng3 Re8 18.
Bf4 d5 19. exd5 Nxd5 20. Bd2 Bf6 21. Ne5 Bxe5 22. Rxe5 Qd6 23. Qe2 Nb4 24. Bxb4 cxb4 25. Rd1 Qc7 26. b3 Red8 27. Re1 Qc2 28. Qa6 Rc7 29. Nh5 Rd2 30. R1e2 Rxe2 31. Rxe2 Qd1+ 32. Kh2 Rd7 33. Nf4 Qd6 34. Qxd6 Rxd6 35. Nxe6 fxe6 36.
Re4 a5 37. Re5 Ra6 38. Rb5 Kf7 39. Kg3 Kf6 40. Kf4 g5+ 41. Ke4 a4 42. Rxb4 axb3 43.
axb3 Ra2 44. Kf3 Rb2 45. Rb8 h5 46. b4 Ke5 47. b5 Rb3+ 48. Ke2 Ke4 49. f3+ Kf4 50.
b6 Kg3 51. Rg8 Kxg2 52. Rxg5+ Kxh3 53. Rxh5+ Kg3 54. Rg5+ Kf4 55. Rg4+ Kf5 56. Rg8 Ke5 57. Rb8 Kd6 58. b7 Kc7 59. Re8 Rxb7 60. Rxe6 Kd7 61. Rh6 Rb5 62. Ke3 Ke7 63. f4 Kf7 64. Rc6 Rb4 65. Kf3 Kg7 66. Kg4 Rd4 67. Kg5 Kf7 68. Rc7+ Kf8 69. Rc6 Rd5+ 70. Kg6 Rd4 71. f5 Rg4+ 72. Kf6 Ke8 73. Re6+ Kf8 74. Ra6 Ke8 75. Ra8+ Kd7 76. Rh8 Rg3 77. Rh1 Rg2 78. Re1 1-0